 Dungeon Crawl Stone Soup version 0.17-a0-1617-gfba1302 (webtiles) character file.

73994 Gorice the Tortoise (level 15, -3/115 HPs)
             Began as a Vampire Wanderer on Aug 1, 2015.
             Was the Champion of Makhleb.
             Slain by Rupert
             ... wielding a +2 great sword of holy wrath
              (16 damage)
             ... on level 4 of the Orcish Mines.
             The game lasted 03:12:24 (35249 turns).

Gorice the Tortoise (Vampire Wanderer)             Turns: 35249, Time: 03:12:24

Health: -3/115     AC: 22    Str: 13    XL:     15   Next: 5%
Magic:  15/15      EV: 12    Int: 14    God:    Makhleb [******]
Gold:   2179       SH:  0    Dex: 19    Spells: 0 memorised, 14 levels left

rFire  . . .     SeeInvis +     b - +2 dagger (elec)
rCold  . . .     Clarity  +     Q - +0 shadow dragon armour
rNeg   + . .     SustAt   .     (no shield)
rPois  +         Gourm    .     x - +1 hat
rElec  .         Spirit   .     D - +1 cloak {MR+}
rCorr  .         Warding  .     k - +0 pair of gloves
rMut   .         Stasis   .     (no boots)
MR     +++..                    I - amulet of clarity
Stlth  ++++......               i - ring of protection from magic
                                u - ring of poison resistance

@: extremely resistant to hostile enchantments, stealthy
A: fangs 3, see invisible, unbreathing
a: Bat Form, Minor Destruction, Lesser Servant of Makhleb, Major Destruction,
Greater Servant of Makhleb, Renounce Religion


You were on level 4 of the Orcish Mines.
You worshipped Makhleb.
Makhleb was exalted by your worship.
You were not thirsty.

You visited 4 branches of the dungeon, and saw 25 of its levels.
You also visited: Ossuary and Ice Cave.

You collected 2179 gold pieces.

Inventory:

Hand weapons
 a - a +2 great sword of slicing
   (You took it off a wight on level 7 of the Dungeon)
 b - a +2 dagger of electrocution (weapon)
   (You took it off an orc wizard on level 9 of the Dungeon)
 p - a +0 scimitar of protection
   (You took it off an orc warrior on level 4 of the Orcish Mines)
Missiles
 q - 12 tomahawks of returning
 s - 6 curare-tipped needles
 H - 2 javelins of penetration
 R - 55 tomahawks (quivered)
 X - 2 tomahawks of dispersal
 Z - 412 stones
Armour
 k - a +0 pair of gloves (worn)
 x - a +1 hat (worn)
 D - a +1 cloak of magic resistance (worn)
   (You found it on level 4 of the Dungeon)
 Q - a +0 shadow dragon armour (worn)
Jewellery
 i - a ring of protection from magic (right hand)
 o - an uncursed ring of sustain attributes
 u - a ring of poison resistance (left hand)
 I - an amulet of clarity (around neck)
Magical devices
 c - a wand of draining (0)
 d - a wand of random effects (9)
 e - a wand of flame (15)
 g - a wand of disintegration (10)
 j - a wand of teleportation (5) {!d}
 r - a wand of digging (14)
 t - a wand of heal wounds (5) {!d}
Scrolls
 v - 4 scrolls of remove curse
 y - 2 scrolls of teleportation {!r}
 O - 3 scrolls of identify
Potions
 f - 42 potions of blood
 h - 3 potions of agility {!q}
 l - 2 potions of might {!q}
 m - 2 potions of haste {!q}
 w - 3 potions of cancellation {!q}
 M - 9 potions of curing
Miscellaneous
 L - a lantern of shadows


   Skills:
 - Level 10.0 Fighting
 - Level 12.0(13.2) Short Blades
 * Level 9.0(11.3) Long Blades
   Level 2.6 Polearms
 - Level 15.0 Armour
 - Level 9.8 Dodging
 - Level 4.4 Stealth
   Level 1.0 Shields
 - Level 1.1 Unarmed Combat
 - Level 1.0 Evocations


You had 14 spell levels left.
You didn't know any spells.

Dungeon Overview and Level Annotations

Branches:
Dungeon (12/15)            Temple (1/1) D:5            Lair (8/8) D:10
 Shoals (0/4) Lair:4       Spider (0/4) Lair:6        Slime (0/6) Lair:7
    Orc (4/4) D:9             Elf (0/3) Orc:3

Altars:
Ashenzari
Cheibriados
Dithmenos
Elyvilon
Fedhas
Gozag
Kikubaaqudgha
Makhleb
Nemelex Xobeh
Okawaru
Qazlal
Ru
Sif Muna
Trog
Vehumet
Xom
Yredelemnul
Zin
The Shining One
Beogh
Jiyva

Shops:
Orc:4 (

Annotations:
D:3 Chiseanne's ghost, average DsWn
D:9 Orc
D:10 Alipheese's ghost, powerful NaFi
D:12 UX firey
Lair:3 exclusion: oklob plant
Lair:8 vpUX: mad wizard ending, exclusion: door
Orc:4 Rupert


Innate Abilities, Weirdness & Mutations

You have razor-sharp teeth.
You have supernaturally acute eyesight.
You can survive without breathing.


Message History

Fire/throw which item? (* to show all) (? for menu, Esc to quit)
Press: ? - help, Shift-Dir - straight line, f/p - Rupert
Aim: Rupert, wielding a great sword of holy wrath and wearing a leather armour (moderately wounded, berserk, fast, unusually strong)
You throw a throwing net. The throwing net hits Rupert.
Rupert is caught in the net!
Rupert is moderately wounded.
Rupert struggles against the net.
You barely miss Rupert.
Rupert is moderately wounded.
Rupert struggles against the net.
You hit Rupert.
Rupert is moderately wounded.
Rupert struggles against the net.
The net rips apart, and Rupert comes free!
You closely miss Rupert. You bite Rupert.
Rupert is moderately wounded.
Rupert closely misses you.
You hit Rupert but do no damage.
There is a sudden explosion of sparks!
Rupert is moderately wounded.
You barely miss Rupert.
Rupert is moderately wounded.
Rupert hits you with a great sword of holy wrath.
You convulse.
Damage: 3 (max 26)
You hit Rupert but do no damage.
There is a sudden explosion of sparks!
Rupert is moderately wounded.
Evoke which item? (* to show all) (? for menu, Esc to quit)
Zapping:
d - a wand of random effects (10)
Press: ? - help, Shift-Dir - straight line, f/p - Rupert
Aim: Rupert, wielding a great sword of holy wrath and wearing a leather armour (moderately wounded, berserk, fast, unusually strong) Rupert resists with almost no effort.
This wand has 9 charges left.
Rupert hits you with a great sword of holy wrath!!
You convulse!!
Damage: 51 (max 51) Unknown command.
Unknown command.
Drink which item? (? for menu, Esc to quit)
Okay, then.
Evoke which item? (* to show all) (? for menu, Esc to quit)
Zapping:
t - a wand of heal wounds (6) {!d}
Press: ? - help, Shift-Dir - straight line, f - you, p - Rupert Nothing appears to happen.
This wand has 5 charges left.
Rupert hits you with a great sword of holy wrath.
* * * LOW HITPOINT WARNING * * *
You convulse.
* * * LOW HITPOINT WARNING * * *
Rupert hits you with a great sword of holy wrath!
* * * LOW HITPOINT WARNING * * *
You convulse!
You die...

# #....# ##........## #
##...##### ##)........##
######....##[## #...........# #
#...#......##.#####..@.......# #
#.......)..#.)<#..)..........##
###.......<[...[)##))............
......[..#[......###)............
.......[.#...............#....)[.
.......#.#......@........#.....).
......#####)##..@......####......
......### ###........### ##.....
........# ###..........# ####)..
)[......###............# ##......
[))....................###.......
.##..............................
.####............###.............
##..#.....[...)### ###.........#.


You could see Rupert (berserk).

Vanquished Creatures
  Maud (Lair:3)
  An orc warlord (Orc:4)
  Snorg (Lair:3)
  Josephine (Orc:3)
  10 hydras
  5 death yaks (Lair:8)
  2 orc high priests
  A wizard (Lair:8)
  4 hill giants
  2 griffons
  2 orc knights (Orc:4)
  An ugly thing (D:11)
  A lindwurm (Lair:8)
  2 cyclopes (D:11)
  An orb spider (Lair:6)
  4 orc sorcerers (Orc:4)
  A siren (Lair:4)
  16 elephants
  12 spiny frogs
  A torpor snail (Lair:7)
  A centaur skeleton (D:11)
  9 black mambas
  6 fire drakes
  4 komodo dragons
  5 trolls
  A polar bear (Lair:3)
  3 merfolk (Lair:4)
  3 two-headed ogres
  Prince Ribbit (D:7)
  A deep elf mage (D:10)
  28 blink frogs
  4 wyverns
  A shadow (D:11)
  4 wraiths
  13 hippogriffs
  51 yaks
  10 basilisks
  Menkaure (D:6)
  7 wolves
  A mottled dragon (D:10)
  2 hell hounds (Lair:7)
  2 ice beasts
  10 porcupines
  30 orc warriors
  21 water moccasins
  6 sky beasts
  A necrophage (D:7)
  7 ogres
  4 centaurs
  21 giant frogs
  12 crocodiles
  2 water moccasin zombies (Ossuary)
  6 killer bees
  3 scorpions
  4 electric eels
  4 vampire bats (D:3)
  4 wights (D:7)
  4 crimson imps
  2 giant frog skeletons
  2 giant frog zombies
  A centaur zombie (D:5)
  6 jellies
  7 worker ants
  32 orc wizards
  5 hounds
  29 orc priests
  14 iguanas
  7 sheep (Lair:6)
  A killer bee zombie (D:7)
  4 big kobold zombies (Ossuary)
  2 hound zombies
  2 mummies (Ossuary)
  4 gnolls
  61 river rats
  9 adders
  2 shadow imps
  12 white imps (D:11)
  2 oozes
  5 adder zombies (Ossuary)
  2 adder skeletons
  2 worms
  6 giant geckos
  205 orcs
  3 gnoll zombies (Ossuary)
  6 goblins
  9 hobgoblins
  14 jackals
  12 kobolds
  4 quokkas
  2 ball pythons
  8 bats
  8 giant cockroaches
  9 giant newts
  A goblin zombie (D:4)
  2 hobgoblin zombies (Ossuary)
  A jackal skeleton (D:6)
  A jackal zombie (D:8)
  4 kobold zombies (Ossuary)
  7 orc zombies (Ossuary)
  A quokka zombie (D:7)
  5 rats
  A rat zombie (D:4)
  A plant (Lair:3)
889 creatures vanquished.

Vanquished Creatures (collateral kills)
  An orc (Orc:4)
1 creature vanquished.

Vanquished Creatures (others)
  A giant frog (D:6)
  A hound (D:6)
  An iguana (D:6)
  An adder (D:6)
  An orc (D:6)
  48 fungi
  20 plants
73 creatures vanquished.

Grand Total: 963 creatures vanquished

Notes
Turn   | Place    | Note
--------------------------------------------------------------
     0 | D:1      | Gorice the Vampire Wanderer began the quest for the Orb.
     0 | D:1      | Gorice set off with: a +2 dagger, a scroll of blinking, a potion of lignification {!q}, a wand of random effects (15), a +0 robe, a potion of blood
     0 | D:1      | Reached XP level 1. HP: 13/13 MP: 1/1
     0 | D:1      | Noticed a vampire
     0 | D:1      | Noticed a formicid
     1 | D:1      | Noticed a felid
     1 | D:1      | Noticed an ogre
     7 | D:1      | Noticed an octopode
     8 | D:1      | Noticed a centaur
    10 | D:1      | Noticed a troll
    10 | D:1      | Noticed a vine stalker
    12 | D:1      | Noticed a human
    14 | D:1      | Noticed a gargoyle
    14 | D:1      | Noticed an ogre
    14 | D:1      | Noticed a felid
    16 | D:1      | Noticed a formicid
    18 | D:1      | Noticed a gargoyle
    20 | D:1      | Noticed a gargoyle
   182 | D:1      | Reached skill level 1 in Short Blades
   200 | D:1      | Reached XP level 2. HP: 19/19 MP: 2/2
   204 | D:1      | Reached skill level 2 in Short Blades
  1005 | D:2      | Reached XP level 3. HP: 24/24 MP: 3/3
  1022 | D:2      | Reached skill level 3 in Short Blades
  1031 | D:2      | Found a shadowy altar of Dithmenos.
  1095 | D:2      | Found a blossoming altar of Fedhas.
  1405 | D:2      | Reached skill level 4 in Short Blades
  1597 | D:2      | Reached XP level 4. HP: 30/30 MP: 4/4
  2048 | D:3      | Noticed Chiseanne's ghost (average DsWn)
  2354 | D:3      | Reached skill level 5 in Short Blades
  2369 | D:3      | Reached XP level 5. HP: 23/35 MP: 5/5
  2498 | D:3      | Reached skill level 6 in Short Blades
  2850 | D:3      | Reached XP level 6. HP: 25/41 MP: 6/6
  3081 | D:4      | Found a sand-covered staircase.
  3100 | Ossuary  | Entered an ossuary
  3322 | Ossuary  | Reached skill level 7 in Short Blades
  3688 | Ossuary  | Reached skill level 8 in Short Blades
  3692 | Ossuary  | Reached XP level 7. HP: 19/46 MP: 7/7
  3975 | Ossuary  | HP: 13/46 [mummy (13)]
  5332 | D:5      | Entered Level 5 of the Dungeon
  5344 | D:5      | Reached skill level 9 in Short Blades
  5411 | D:5      | Found a staircase to the Ecumenical Temple.
  5441 | Temple   | Entered the Ecumenical Temple
  5532 | Temple   | Became a worshipper of Makhleb the Destroyer
  5677 | D:5      | HP: 10/46 [acid (4)]
  5677 | D:5      | HP: 4/46 [acid (5)]
  5685 | D:5      | HP: 11/46 [orc (5)]
  5689 | D:5      | HP: 3/46 [orc (3)]
  5885 | D:5      | Reached skill level 10 in Short Blades
  5885 | D:5      | Reached XP level 8. HP: 37/52 MP: 8/8
  6296 | D:6      | Noticed Menkaure
  6483 | D:6      | Killed Menkaure
  6483 | D:6      | Reached skill level 2 in Dodging
  6546 | D:6      | Found a basalt altar of Yredelemnul.
  6550 | D:6      | Acquired Makhleb's first power
  6570 | D:6      | Found a shimmering altar of Xom.
  6600 | D:6      | Reached skill level 3 in Dodging
  7354 | D:6      | HP: 13/52 [orc/flail (8)]
  7365 | D:6      | HP: 3/52 [orc/flail (10)]
  7612 | D:5      | Reached skill level 4 in Dodging
  8148 | D:7      | Reached skill level 5 in Dodging
  8192 | D:7      | Found a radiant altar of Vehumet.
  8222 | D:7      | Found a sparkling altar of Nemelex Xobeh.
  8223 | D:7      | Found an iron altar of Okawaru.
  8301 | D:7      | Reached skill level 11 in Short Blades
  8549 | D:7      | Acquired Makhleb's second power
  8549 | D:7      | Reached XP level 9. HP: 57/57 MP: 9/9
  8558 | D:7      | Found a white marble altar of Elyvilon.
  8618 | D:7      | Reached skill level 6 in Dodging
  8704 | D:7      | Noticed Prince Ribbit
  8886 | D:7      | Killed Prince Ribbit
  9247 | D:8      | Reached skill level 7 in Dodging
  9568 | D:8      | Reached skill level 12 in Short Blades
  9669 | D:8      | Reached skill level 1 in Long Blades
  9791 | D:8      | Reached skill level 8 in Dodging
 10301 | D:8      | Reached skill level 2 in Long Blades
 10565 | D:8      | Reached skill level 3 in Long Blades
 10624 | D:8      | Reached skill level 9 in Dodging
 10624 | D:8      | Reached XP level 10. HP: 59/63 MP: 10/10
 10959 | D:8      | HP: 12/63 [troll (11)]
 11514 | D:9      | Acquired Makhleb's third power
 11587 | D:9      | Found a roughly hewn altar of Beogh.
 11587 | D:9      | Found a staircase to the Orcish Mines.
 11658 | D:9      | --hmm shadow dragon hide...
 11715 | D:9      | Reached skill level 4 in Long Blades
 11723 | D:9      | Got a twisted great mace
 11724 | D:9      | Identified the cursed +3 great mace of the Illusory Suns {crush, *Confuse Str+8} (You found it on level 9 of the Dungeon)
 11908 | D:9      | Reached skill level 1 in Armour
 11942 | D:9      | Found a glowing silver altar of Zin.
 11953 | D:9      | Found a snail-covered altar of Cheibriados.
 12286 | D:4      | HP: 18/63 [poisoned by a killer bee]
 12291 | D:4      | HP: 17/63 [poisoned by a killer bee]
 12298 | D:4      | HP: 17/63 [poisoned by a killer bee]
 12306 | D:4      | HP: 16/63 [poisoned by a killer bee]
 12846 | D:8      | Reached skill level 2 in Armour
 12873 | D:10     | Entered Level 10 of the Dungeon
 12897 | D:10     | Reached skill level 5 in Long Blades
 12898 | D:10     | Noticed a hill giant
 12921 | D:10     | HP: 18/63 [hill giant/giant club (21)]
 12929 | D:10     | Killed a hill giant
 13269 | D:10     | Reached skill level 3 in Armour
 13341 | D:10     | Acquired Makhleb's fourth power
 13352 | D:10     | Noticed Alipheese's ghost (powerful NaFi)
 13544 | D:10     | Reached skill level 6 in Long Blades
 13598 | D:10     | Reached skill level 1 in Fighting
 13598 | D:10     | Reached skill level 4 in Armour
 13615 | D:10     | HP: 18/65 [yak (8)]
 13618 | D:10     | HP: 6/65 [yak (11)]
 13623 | D:10     | HP: 7/65 [yak (9)]
 13908 | D:10     | Found a staircase to the Lair.
 14199 | Lair:1   | Entered Level 1 of the Lair of Beasts
 14411 | Lair:1   | Reached skill level 2 in Fighting
 14495 | Lair:1   | Reached XP level 11. HP: 72/72 MP: 11/11
 14535 | Lair:1   | Reached skill level 5 in Armour
 14546 | Lair:1   | Found a basalt altar of Yredelemnul.
 14593 | Lair:1   | Acquired Makhleb's fifth power
 15185 | Lair:2   | Reached skill level 3 in Fighting
 15422 | Lair:2   | Noticed a five-headed hydra
 15426 | Lair:2   | Reached skill level 6 in Armour
 15514 | Lair:2   | Killed a five-headed hydra
 15514 | Lair:2   | Reached skill level 4 in Fighting
 15651 | Lair:2   | HP: 21/77 [wolf (4)]
 15992 | Lair:2   | Reached skill level 7 in Armour
 16209 | Lair:3   | Noticed a seven-headed hydra
 16216 | Lair:3   | Killed a seven-headed hydra
 16247 | Lair:3   | Reached skill level 5 in Fighting
 16535 | Lair:3   | Noticed Snorg
 16556 | Lair:2   | Noticed a five-headed hydra
 16569 | Lair:3   | Found a blossoming altar of Fedhas.
 16687 | Lair:3   | Reached skill level 8 in Armour
 16735 | Lair:3   | Noticed Maud
 17020 | Lair:3   | HP: 24/80 [polar bear (2)]
 17024 | Lair:3   | HP: 11/80 [polar bear (4)]
 17180 | Lair:3   | HP: 17/80 [Snorg (8)]
 17197 | Lair:3   | HP: 17/80 [giant frog (4)]
 17202 | Lair:3   | HP: 11/80 [giant frog (3)]
 17768 | Lair:3   | Got a transparent leather armour
 17769 | Lair:3   | Identified the +0 leather armour of Afelotza {rN+ Stlth+} (You found it on level 3 of the Lair of Beasts)
 18263 | D:11     | Reached XP level 12. HP: 78/87 MP: 12/12
 18391 | D:11     | Reached skill level 6 in Fighting
 18507 | D:11     | Found a frozen archway.
 18530 | IceCv    | Entered an ice cave
 18584 | D:11     | Noticed a hill giant
 18591 | D:11     | Killed a hill giant
 18787 | D:11     | Reached skill level 9 in Armour
 18915 | D:11     | Noticed a hill giant
 19235 | D:11     | Killed a hill giant
 19693 | Orc:1    | Entered Level 1 of the Orcish Mines
 19870 | Orc:1    | Found a burning altar of Makhleb.
 19927 | Orc:1    | Got a ripped robe
 19928 | Orc:1    | Identified the cursed +0 robe of the Princess {rN+ MR+ Int-2} (You found it on level 1 of the Orcish Mines)
 20511 | Orc:2    | Reached skill level 7 in Fighting
 21342 | Orc:1    | Reached skill level 10 in Armour
 21692 | Orc:3    | Found a staircase to the Elven Halls.
 22006 | Orc:4    | Entered Level 4 of the Orcish Mines
 23110 | Orc:4    | Noticed Josephine
 23141 | Orc:3    | HP: 19/92 [Josephine/dispel undead (25)]
 23146 | Orc:3    | Killed Josephine
 23503 | Orc:4    | Reached skill level 8 in Fighting
 23746 | Orc:4    | HP: 21/92 [red devil/trident[an orc high priest] (14)]
 23775 | Orc:4    | HP: 27/92 [orc/trident (5)]
 23783 | Orc:4    | HP: 26/92 [orc priest (2)]
 24337 | Orc:4    | Noticed Rupert
 24350 | Orc:4    | Found a roughly hewn altar of Beogh.
 24350 | Orc:4    | Found Heluesk's Antique Weapon Boutique.
 24350 | Orc:4    | Noticed an orc warlord
 24353 | Orc:4    | HP: 26/92 [orc warrior/tomahawk (4)]
 24676 | D:10     | Noticed an eight-headed hydra
 24746 | D:11     | HP: 27/92 [red ugly thing (22)]
 24752 | D:11     | HP: 24/92 [red ugly thing (4)]
 24752 | D:11     | HP: 1/92 [red ugly thing (23)]
 24797 | D:11     | HP: 9/92 [red ugly thing (19)]
 25069 | D:11     | Reached skill level 11 in Armour
 25069 | D:11     | Reached XP level 13. HP: 94/98 MP: 13/13
 26855 | Lair:4   | Reached skill level 9 in Fighting
 26941 | Lair:4   | Found a staircase to the Shoals.
 27161 | Lair:4   | Reached skill level 12 in Armour
 28725 | Lair:6   | Found a hole to the Spider Nest.
 29392 | Lair:7   | Reached skill level 10 in Fighting
 29410 | Lair:7   | Reached skill level 13 in Armour
 29450 | Lair:7   | HP: 28/103 [fire drake/blast of flame (15)]
 29873 | Lair:7   | Reached XP level 14. HP: 110/110 MP: 14/14
 29964 | Lair:7   | Found a viscous altar of Jiyva.
 29964 | Lair:7   | Found a staircase to the Slime Pits.
 31113 | Lair:8   | Entered Level 8 of the Lair of Beasts
 31566 | Lair:8   | Reached skill level 14 in Armour
 32648 | Lair:8   | HP: 32/110 [death yak (5)]
 33095 | Lair:8   | Reached skill level 15 in Armour
 33563 | Lair:6   | Reached skill level 7 in Long Blades
 33813 | Lair:3   | Killed Maud
 34256 | Lair:3   | Killed Snorg
 34256 | Lair:3   | Reached skill level 8 in Long Blades
 34812 | Orc:4    | Reached XP level 15. HP: 98/115 MP: 15/15
 34996 | Orc:4    | Killed an orc warlord
 35076 | Orc:4    | Reached skill level 9 in Long Blades
 35249 | Orc:4    | HP: 33/115 [Rupert/great sword of holy wrath (4)]
 35249 | Orc:4    | HP: 13/115 [Rupert/great sword of holy wrath (17)]
 35249 | Orc:4    | Slain by Rupert

Vault maps used:
D:1:      shiori_arrival_whats_in_store_for_you, minmay_misc_feat_enclosed,
          minivault_26
D:2:      minmay_door_path, lemuel_round_altar, nicolae_dithmenos_shadow_blocks
D:3:      roderic_batcave
D:4:      enter_ossuary_4
D:5:      temple_fountains, first_bread
D:6:      xom_confusion_cloud, yredelemnul_altar_generic, uniq_menkaure
D:7:      elyvilon_altar_3, gammafunk_temple_overflow_pools, basic_altar,
          uniq_prince_ribbit1
D:9:      minmay_flawed_box, amethyst_overflow_temple_binary, david_orc_5,
          disabler_island
D:10:     erik_lair_dragon
D:11:     portal_ice_cave_entry_imps
D:12:     cheibrodos_magma_flow, serial_shops, shop, the_bakery,
          minmay_crystal_box
Temple:   circular_temple_pool_12
Lair:1:   basic_altar, minivault_24, serial_bayou_shore_a
Lair:2:   minivault_25, nicolae_quartered_pool_little
Lair:3:   tgw_fedhas, infiniplex_staircase_pool_2, uniq_maud, uniq_snorg
Lair:4:   elwin_shoals_entry_stream
Lair:5:   lemuel_fruit_tree
Lair:6:   nicolae_spider_entry_orb_guardian
Lair:7:   dpeg_slime_entry_enclosed_altar, special_room
Lair:8:   evil_forest
Orc:1:    minmay_goldmine, bloody_makhleb
Orc:3:    nicolae_orc_pool_cavern, statue_in_the_mist_lemuel
Orc:4:    grunt_orc_cross, uniq_josephine, uniq_rupert
Ossuary:  ossuary_tomb_2
IceCv:    ice_cave_small_necro

Action                   |  1- 3 |  4- 6 |  7- 9 | 10-12 | 13-15 || total
-------------------------+-------+-------+-------+-------+-------++-------
Melee: Dagger            |    10 |       |     1 |  1719 |  1707 ||  3437
       Short sword       |    68 |   166 |   514 |   105 |       ||   853
       Great sword       |       |       |       |     7 |    85 ||    92
Throw: Stone             |       |     1 |    16 |       |       ||    17
       Tomahawk          |       |       |     4 |    31 |    20 ||    55
       Throwing net      |       |       |       |       |     9 ||     9
 Abil: End Transformatio |       |       |       |     1 |     1 ||     2
       Bat Form          |       |       |       |     1 |     1 ||     2
Evoke: Wand              |       |       |     8 |     8 |     7 ||    23
  Use: Scroll            |     6 |    11 |     7 |    19 |     4 ||    47
       Potion            |     2 |     6 |    24 |    48 |    29 ||   109
 Stab: Sleeping          |    10 |    16 |    17 |    44 |    36 ||   123
       Distracted        |       |       |     1 |     5 |     3 ||     9
       Held in net/web   |       |       |       |       |     5 ||     5

Table legend:
 A = Turns spent in this place as a percentage of turns spent in the entire game.
 B = Non-inter-level travel turns spent in this place as a percentage of non-inter-level travel turns spent in the entire game.
 C = Inter-level travel turns spent in this place as a percentage of turns spent in this place.
 D = Turns resting spent in this place as a percentage of non-inter-level travel turns spent in this place.
 E = Turns spent auto-exploring this place as a percentage of non-inter-level travel turns spent in this place.
 F = Non-inter-level travel turns spent in this place divided by the number of levels of this place that you've seen.
                   A       B       C       D       E      F
               +-------+-------+-------+-------+-------+----------------------
         Total | 100.0 | 100.0 |   0.8 |   2.1 |   3.3 | 554.5
       Dungeon |  39.5 |  39.4 |   1.1 |   2.1 |   4.4 | 491.1
        Temple |   0.2 |   0.2 |   3.0 |   0.0 |  37.5 |  32.0
          Lair |  39.4 |  39.5 |   0.6 |   1.6 |   3.2 | 739.1
  Orcish Mines |  19.1 |  19.1 |   0.5 |   2.8 |   1.3 | 715.8
       Ossuary |   1.8 |   1.8 |   0.0 |   7.9 |   0.0 | 266.0
      Ice Cave |   0.0 |   0.0 |   0.0 |   0.0 |   0.0 |   4.0
               +-------+-------+-------+-------+-------+----------------------

Vault maps used:
D:1:      shiori_arrival_whats_in_store_for_you, minmay_misc_feat_enclosed,
          minivault_26
D:2:      minmay_door_path, lemuel_round_altar, nicolae_dithmenos_shadow_blocks
D:3:      roderic_batcave
D:4:      enter_ossuary_4
D:5:      temple_fountains, first_bread
D:6:      xom_confusion_cloud, yredelemnul_altar_generic, uniq_menkaure
D:7:      elyvilon_altar_3, gammafunk_temple_overflow_pools, basic_altar,
          uniq_prince_ribbit1
D:9:      minmay_flawed_box, amethyst_overflow_temple_binary, david_orc_5,
          disabler_island
D:10:     erik_lair_dragon
D:11:     portal_ice_cave_entry_imps
D:12:     cheibrodos_magma_flow, serial_shops, shop, the_bakery,
          minmay_crystal_box
Temple:   circular_temple_pool_12
Lair:1:   basic_altar, minivault_24, serial_bayou_shore_a
Lair:2:   minivault_25, nicolae_quartered_pool_little
Lair:3:   tgw_fedhas, infiniplex_staircase_pool_2, uniq_maud, uniq_snorg
Lair:4:   elwin_shoals_entry_stream
Lair:5:   lemuel_fruit_tree
Lair:6:   nicolae_spider_entry_orb_guardian
Lair:7:   dpeg_slime_entry_enclosed_altar, special_room
Lair:8:   evil_forest
Orc:1:    minmay_goldmine, bloody_makhleb
Orc:3:    nicolae_orc_pool_cavern, statue_in_the_mist_lemuel
Orc:4:    grunt_orc_cross, uniq_josephine, uniq_rupert
Ossuary:  ossuary_tomb_2
IceCv:    ice_cave_small_necro
